 Dungeon Crawl Stone Soup version 0.21-a0-91-ga5031da (webtiles) character file.

574 KristoblXynda the Slasher (level 7, -1/85 HPs)
             Began as a Grey Draconian Berserker on June 29, 2017.
             Was a Believer of Trog.
             Slain by an ogre
             ... wielding a +0 giant club
              (6 damage)
             ... on level 5 of the Dungeon.
             The game lasted 00:06:51 (4359 turns).

KristoblXynda the Slasher (DrBe)                    Turns: 4359, Time: 00:06:52

Health: -1/85      AC: 23    Str: 18    XL:     7   Next: 12%
Magic:  7/7        EV:  2    Int:  9    God:    Trog [**....]
Gold:   221        SH:  7    Dex: 10    Spells: 6/6 levels left

rFire    + . .     SeeInvis .   a - +0 falchion
rCold    + . .     Gourm    .   q - +0 shield
rNeg     + + +     Faith    .   (armour unavailable)
rPois    +         Spirit   .   (helmet currently unavailable)
rElec    +         Reflect  .   (cloak currently unavailable)
rCorr    +         Harm     .   (gloves currently unavailable)
MR       +....     NoTele   +   (boots currently unavailable)
Stlth    ++........             (no amulet)
HPRegen  0.24/turn              (no ring)
MPRegen  0.10/turn              (no ring)

@: tree-form, resistant, berserk cooldown, slowed, very slow
A: (walk through water), unfitting armour, magic resistance 1, weak 1, AC +11
a: Berserk, Trog's Hand, Burn Spellbooks, Renounce Religion


You were on level 5 of the Dungeon.
You worshipped Trog.
Trog was pleased with you.
You were very hungry.
You were a tree.
You visited 2 branches of the dungeon, and saw 6 of its levels.

You collected 221 gold pieces.

Inventory:

Hand Weapons
 a - a +0 falchion (weapon)
Armour
 m - a +1 pair of boots (melded)
 o - a +0 pair of gloves (melded)
 q - a +0 shield (worn)
 u - a +0 cloak (melded)
Scrolls
 e - 2 scrolls of teleportation
 k - 3 scrolls of remove curse
 n - a scroll of recharging
 r - a scroll of noise
Potions
 d - a potion of berserk rage {unknown}
 g - a potion of heal wounds {unknown}
 i - a potion of magic
Comestibles
 b - 2 bread rations
 f - 2 royal jellies
 j - a meat ration
 x - 4 fruits


   Skills:
 - Level 3.2 Fighting
 * Level 6.4 Long Blades
 + Level 4.2 Dodging
 - Level 3.0 Stealth
 + Level 1.1 Shields


You had 6 spell levels left.
You didn't know any spells.

Dungeon Overview and Level Annotations

Branches:
Dungeon (5/15)             Temple (1/1) D:5

Altars:
Ashenzari
Cheibriados
Elyvilon
Fedhas
Gozag
Hepliaklqana
Makhleb
Nemelex Xobeh
Qazlal
Ru
Trog
Uskayaw
Vehumet
Xom
Yredelemnul
Zin
The Shining One

Annotations:
D:5 KristoblXynda's ghost, novice DrBe


Innate Abilities, Weirdness & Mutations

((You can walk through water.))
((Your dull iron-grey scales are very hard. (AC +11)))
You cannot fit into any form of body armour.
((You can survive without breathing.))
((You are cold-blooded and may be slowed by cold attacks.))
You are resistant to hostile enchantments. (MR+)
((You are occasionally teleported next to monsters.))
You are weak. (Str -2)


Message History

You hit the ogre.
The ogre is lightly wounded.
The ogre hits you with a giant club.
You barely miss the ogre.
The ogre is lightly wounded.
The ogre hits you with a giant club!!
* * * LOW HITPOINT WARNING * * *
You hit the ogre.
The ogre is lightly wounded.
The quokka twitches its whiskers.
The ogre hits you with a giant club.
* * * LOW HITPOINT WARNING * * *
The ogre hits you but does no damage.
You hit the ogre.
The ogre is moderately wounded.
The ogre hits you but does no damage.
You hit the ogre.
The ogre is moderately wounded.
The ogre hits you with a giant club.
You die...

****,,,,,................#
*,,,,
,,,,............>.......[#
*'***
,,**.....................#
*,,,*
,,**.....................#
*,8,*
,,**.....................#
*,,,*
,,**...........#.#########
*****
,,,,.........[.#.#######
***##*
,,,,.......[...#.##....#
*.....
,,,,,,****#'#**#♣##....#
#..... ,,,,,,* #.#
#O#.....#####..... ,,,,,,*
#.## #r#...............
,,*****
#..###.#...............
,,*
##.#...................
*** #.....................
####
##....................
...#
######....................
...#
#.........................


You could see an ogre and a quokka.

Vanquished Creatures
  Sigmund (D:2)
  A phantom (D:4)
  A scorpion (D:4)
  A bullfrog zombie (D:5)
  An orc priest (D:3)
  A statue (D:5)
  A hound skeleton (D:4)
  A howler monkey skeleton (D:4)
  3 gnolls (D:2)
  8 adders
  An ooze (D:5)
  3 adder skeletons
  A worm (D:5)
  A dart slug (D:3)
  5 orcs
  3 giant cockroaches
  4 goblins
  9 hobgoblins
  3 jackals (D:2)
  5 kobolds
  A quokka (D:3)
  5 bats
  2 frilled lizards
  6 rats (D:3)
68 creatures vanquished.

Notes
Turn   | Place    | Note
-------+----------+-------------------------------------------
     0 | D:1      | KristoblXynda the Draconian Berserker began the quest for the Orb.
     0 | D:1      | Reached XP level 1. HP: 19/19 MP: 1/1
   543 | D:1      | Reached XP level 2. HP: 26/26 MP: 2/2
   969 | D:2      | Reached skill level 1 in Stealth
   969 | D:2      | Reached XP level 3. HP: 13/31 MP: 3/3
  1269 | D:2      | Reached skill level 4 in Long Blades
  1351 | D:2      | Reached XP level 4. HP: 35/38 MP: 4/4
  1413 | D:2      | Noticed Sigmund
  1425 | D:2      | Killed Sigmund
  1425 | D:2      | Reached skill level 5 in Long Blades
  1425 | D:2      | Reached XP level 5. HP: 42/45 MP: 5/5
  1450 | D:2      | Found a stormy altar of Qazlal.
  1864 | D:3      | Found a glowing silver altar of Zin.
  1923 | D:3      | Reached ** piety under Trog
  2091 | D:3      | Reached XP level 6. HP: 36/51 MP: 6/6
  2946 | D:4      | Found a sparkling altar of Nemelex Xobeh.
  2947 | D:4      | Found an opulent altar of Gozag.
  3422 | D:4      | Reached skill level 6 in Long Blades
  3612 | D:5      | Entered Level 5 of the Dungeon
  3627 | D:5      | Found a radiant altar of Vehumet.
  3650 | D:5      | Your scales start taking on a dull iron-grey colour.
  3650 | D:5      | Reached XP level 7. HP: 20/57 MP: 7/7
  3650 | D:5      | Gained mutation: You can survive without breathing. [Grey Draconian growth]
  3989 | D:5      | Found a burning altar of Makhleb.
  3992 | D:5      | Found a white marble altar of Elyvilon.
  4103 | D:5      | Found a staircase to the Ecumenical Temple.
  4136 | D:5      | Reached skill level 1 in Shields
  4150 | Temple   | Entered the Ecumenical Temple
  4211 | D:5      | Gained mutation: Your flesh is cold resistant. (rC+) [potion of mutation]
  4211 | D:5      | Gained mutation: You expend magic power (3 MP) to strengthen your wands. [potion of mutation]
  4211 | D:5      | Gained mutation: You have large cloven feet. [potion of mutation]
  4241 | D:5      | Lost mutation: You have large cloven feet. [potion of mutation]
  4241 | D:5      | Lost mutation: You expend magic power (3 MP) to strengthen your wands. [potion of mutation]
  4241 | D:5      | Lost mutation: Your flesh is cold resistant. (rC+) [potion of mutation]
  4241 | D:5      | Gained mutation: You are occasionally teleported next to monsters. [potion of mutation]
  4241 | D:5      | Gained mutation: You are weak. (Str -2) [potion of mutation]
  4241 | D:5      | Gained mutation: You are resistant to hostile enchantments. (MR+) [potion of mutation]
  4310 | D:5      | Noticed KristoblXynda's ghost (novice DrBe)
  4357 | D:5      | HP: 4/85 [ogre/giant club (6)]
  4359 | D:5      | Slain by an ogre

Vault maps used:
D:1:      dpeg_arrival_simpleton_c
D:2:      grunt_qazlal_sundering, amethyst_killhole, uniq_sigmund
D:3:      nicolae_overflow_crystal_walls, serial_bayou_pond_e
D:4:      grunt_temple_overflow_opulence, first_bread, kennysheep_generic_room_8
D:5:      kennysheep_windowed_halls, vehumet_statue, minitemple,
          minmay_temple_entry_steel_oval
Temple:   eino_wide_crystal_templ

Skill      XL: |  1  2  3  4  5  6  7 |
---------------+----------------------+-----
Dodging        | 3 4 |  4.2
Stealth        | 1 2 3 |  3.0
Long Blades    | 4 5 6 |  6.4
Shields        | 1 |  1.1
Fighting       | |  3.2

Action                   |  1- 3 |  4- 6 |  7- 9 || total
-------------------------+-------+-------+-------++-------
Melee: Falchion          |    67 |   175 |    41 ||   283
       Tailslap          |     4 |    23 |     4 ||    31
Invok: Berserk           |     1 |     3 |     1 ||     5
  Use: Scroll            |       |       |    11 ||    11
       Potion            |       |       |     4 ||     4
 Stab: Sleeping          |     1 |     5 |       ||     6
  Eat: Chunk             |     2 |     8 |       ||    10
       Royal jelly       |       |     1 |       ||     1
       Fruit             |       |       |     3 ||     3
Armor: Skin              |    27 |    31 |    22 ||    80
Dodge: Dodged            |    66 |    87 |    20 ||   173
Block: Shield            |       |     6 |    23 ||    29
       Rpst.: Falchion   |    18 |    24 |     7 ||    49
